 Dungeon Crawl Stone Soup version 0.25.0-1-g7eea58d2a3 (webtiles) character file.

Game seed: 4717479831744034095

687034 Froggeryz the Conqueror (level 27, -12/139 HPs)
             Began as a Gargoyle Fighter on June 14, 2020.
             Was the Champion of Okawaru.
             Killed from afar by a starcursed mass (25 damage)
             ... with an accursed screaming
             ... summoned by an orange crystal statue
             ... on level 14 of a ziggurat.
             The game lasted 02:34:07 (74498 turns).

Froggeryz the Conqueror (Gargoyle Fighter)         Turns: 74498, Time: 02:34:08

Health: -12/139    AC: 61    Str: 39      XL:     27
Magic:  17/36      EV:  8    Int:  0 (4)  God:    Okawaru [******]
Gold:   10573      SH: 28    Dex: 14      Spells: 28/40 levels left

rFire    . . .     SeeInvis +   w - +9 eveningstar (freeze)
rCold    + + .     Gourm    .   c - +7 kite shield of Yredelemnul's Delight {rPois rF+ rC+}
rNeg     + + .     Faith    .   Q - +7 crystal plate armour
rPois    ∞         Spirit   .   H - +2 helmet {SInv}
rElec    +         Reflect  +   W - +0 cloak "Sexitak" {Str+9 Int-3 Dex+4}
rCorr    +         Harm     .   V - +0 pair of gloves {archery}
MR       +++++     Rnd*Rage +   t - +1 pair of boots of Tithrueha {rElec rPois MR+++ Int-3}
Stlth    ..........             D - amulet of reflection
HPRegen  0.00/turn              A - ring "Houzoga" {Ice rN+ Dex+2 Slay+2}
MPRegen  0.25/turn              M - ring of Taptett {rPois rCorr Str+5}

@: slowed, lost intelligence, studying 2 skills, very slow
A: big wings, fangs 1, talons 1, iridescent scales 1, [berserk 2], [blurry
vision 3], clumsy 1, deformed body, [deterioration 2], [dopey 2], [frail 3],
high mp 1, negative energy resistance 1, electricity resistance, [inhibited
regeneration], strong 1, [weak 2], unbreathing, petrification resistance, [no
potion heal 2], rot immunity, MP-powered wands, AC +20
}: 3/15 runes: decaying, silver, gossamer
a: Fly, Heroism, Finesse, Renounce Religion


You were on level 14 of a ziggurat.
You worshipped Okawaru.
Okawaru was exalted by your worship.
You were very full.

You visited 10 branches of the dungeon, and saw 50 of its levels.
You visited 1 bazaar.
You visited 1 ziggurat, and saw 14 of its levels.
You also visited: Trove, Ossuary, Gauntlet, Ice Cave and Desolation.

You collected 12663 gold pieces.
You spent 2090 gold pieces at shops.

Inventory:

Hand Weapons
 w - a +9 eveningstar of freezing (weapon)
 y - the +9 morningstar "Thing" {antimagic, rC- MR+ Int+3}
   (Okawaru gifted it to you in the Desolation of Salt)

   It reduces the magical energy of the wielder, and disrupts the spells and
   magical abilities of those hit.
   Natural abilities and divine invocations are not affected.
   It affects your intelligence (+3).
   It makes you vulnerable to cold.
   It affects your resistance to hostile enchantments.
 G - the +8 longbow "Zephyr" {speed, Dex+3 SInv}
   (You found it on level 10 of a ziggurat)

   Attacks with this weapon are significantly faster.
   It affects your dexterity (+3).
   It lets you see invisible.
 N - the +6 Majin-Bo {vamp, Archmagi MP+6 Int+6}
   (You found it on level 11 of a ziggurat)

   It inflicts no extra harm, but heals its wielder when it wounds a living foe.
   It affects your intelligence (+6).
   It affects your magic capacity (+6).
Missiles
 e - 39 javelins (quivered)
 u - 5 throwing nets
Armour
 c - the +7 kite shield of Yredelemnul's Delight (worn) {rPois rF+ rC+}
   (You bought it in a shop in a bazaar)

   It protects you from fire.
   It protects you from cold.
   It protects you from poison.
 t - the +1 pair of boots of Tithrueha (worn) {rElec rPois MR+++ Int-3}
   (You acquired it on level 3 of the Spider Nest)

   It affects your intelligence (-3).
   It insulates you from electricity.
   It protects you from poison.
   It affects your resistance to hostile enchantments.
 F - +0 gold dragon scales
 H - a +2 helmet of see invisible (worn)
 Q - a +7 crystal plate armour (worn)
 V - a +0 pair of gloves of archery (worn)
 W - the +0 cloak "Sexitak" (worn) {Str+9 Int-3 Dex+4}
   (Okawaru gifted it to you on level 5 of the Lair of Beasts)

   It affects your strength (+9).
   It affects your intelligence (-3).
   It affects your dexterity (+4).
Jewellery
 i - the ring "Kinobb" {Str+3 Dex+2 SInv}
   (You found it in a Gauntlet)

   [ring of see invisible]

   It affects your strength (+3).
   It affects your dexterity (+2).
   It lets you see invisible.
 A - the ring "Houzoga" (left hand) {Ice rN+ Dex+2 Slay+2}
   (You found it in the Desolation of Salt)

   [ring of ice]

   It enhances your ice magic.
   It affects your dexterity (+2).
   It affects your accuracy and damage with ranged weapons and melee attacks
   (+2).
   It makes you vulnerable to fire.
   It protects you from cold.
   It protects you from negative energy.
 D - an amulet of reflection (around neck)
 M - the ring of Taptett (right hand) {rPois rCorr Str+5}
   (You took it off a vampire mage on level 4 of the Depths)

   [ring of resist corrosion]

   It affects your strength (+5).
   It protects you from poison.
   It provides partial protection from all sources of acid and corrosion.
 Y - the ring "Vufyukau" {Fire +Inv MR+ Str-3 Slay+2}
   (You found it on level 12 of the Dungeon)

   [ring of fire]

   It enhances your fire magic.
   It affects your strength (-3).
   It affects your accuracy and damage with ranged weapons and melee attacks
   (+2).
   It protects you from fire.
   It makes you vulnerable to cold.
   It affects your resistance to hostile enchantments.
   It lets you turn invisible.
Wands
 a - a wand of digging (21)
 l - a wand of iceblast (34)
 J - a wand of acid (6)
Scrolls
 m - 3 scrolls of fear
 n - 15 scrolls of enchant weapon
 o - 9 scrolls of identify
 p - 13 scrolls of teleportation
 v - 9 scrolls of fog
 x - 14 scrolls of magic mapping
 z - 3 scrolls of silence
 E - 3 scrolls of immolation
 L - 36 scrolls of remove curse
 P - a scroll of blinking
 R - a scroll of enchant armour
 X - 5 scrolls of holy word
 Z - 2 scrolls of summoning
Potions
 b - 7 potions of ambrosia
 d - 9 potions of might
 g - 21 potions of curing
 j - 9 potions of haste
 q - 10 potions of lignification
 B - 4 potions of resistance
 C - 2 potions of magic
 I - a potion of berserk rage
 O - 2 potions of experience
 S - 8 potions of mutation
Books
 K - a manual of Throwing
 T - a manual of Fire Magic
Miscellaneous
 k - 2 boxes of beasts
 r - 7 phantom mirrors
Comestibles
 f - 70 rations


   Skills:
 O Level 27 Fighting
 - Level 19.1 Maces & Flails
 - Level 10.0 Throwing
 - Level 21.2 Armour
 + Level 16.2 Shields
 - Level 7.0 Spellcasting
 + Level 20.6 Hexes
 - Level 8.0 Charms
 - Level 11.3 Translocations
 - Level 7.3 Air Magic
 - Level 13.1 Invocations


You had 28 spell levels left.
You knew the following spells:

 Your Spells              Type           Power        Failure   Level  Hunger
a - Blink                 Tloc           N/A          3%          2    ###....
b - Swiftness             Chrm/Air       #.......     13%         2    ###....
c - Silence               Hex/Air        #.........   19%         5    ######.
d - Lesser Beckoning      Tloc           #.........   6%          3    ####...

Your spell library contained the following spells:

 Spells                   Type           Power        Failure   Level  Hunger
 Apportation              Tloc           #.....       1%          1    ##.....
 Corona                   Hex            #......      1%          1    ##.....
 Slow                     Hex            #.......     1%          2    ###....
 Confusing Touch          Hex            #.......     1%          3    ####...
 Portal Projectile        Hex/Tloc       #.....       1%          3    ####...
 Tukima's Dance           Hex            #.......     1%          3    ####...
 Cause Fear               Hex            #.........   1%          4    #####..
 Ensorcelled Hibernation  Hex/Ice        #.....       4%          2    ###....
 Shroud of Golubria       Chrm/Tloc      #.....       6%          2    ###....
 Gell's Gravitas          Tloc           #.........   6%          3    ####...
 Teleport Other           Tloc           #.......     6%          3    ####...
 Invisibility             Hex            #.......     6%          6    #######
 Dazzling Flash           Conj/Hex       #.....       9%          3    ####...
 Inner Flame              Hex/Fire       #.......     9%          3    ####...
 Summon Guardian Golem    Hex/Summ       #.......     9%          3    ####...
 Passage of Golubria      Tloc           N/A          21%         4    #####..
 Fulminant Prism          Conj/Hex       #.........   28%         4    #####..
 Leda's Liquefaction      Hex/Erth       #.........   28%         4    #####..
 Shock                    Conj/Air       #...         41%         1    ##.....
 Recall                   Summ/Tloc      N/A          52%         3    ####...
 Corpse Rot               Necr/Air       N/A          56%         2    ###....
 Poisonous Vapours        Pois/Air       #.....       56%         2    ###....
 Metabolic Englaciation   Hex/Ice        #.........   63%         5    ######.
 Yara's Violent Unravell  Hex/Tmut       #.........   63%         5    ######.
 Airstrike                Air            #.........   69%         4    #####..
 Ozocubu's Armour         Chrm/Ice       #.......     75%         3    ####...
 Static Discharge         Conj/Air       #.......     80%         3    ####...
 Animate Skeleton         Necr           N/A          90%         1    ##.....
 Foxfire                  Conj/Fire      #...         90%         1    ##.....
 Freeze                   Ice            #...         90%         1    ##.....
 Magic Dart               Conj           #...         90%         1    ##.....
 Pain                     Necr           #...         90%         1    ##.....
 Sandblast                Erth           #.....       90%         1    ##.....
 Sting                    Tmut/Pois      #...         90%         1    ##.....
 Summon Butterflies       Summ           #.......     90%         1    ##.....
 Summon Small Mammal      Summ           #...         90%         1    ##.....
 Iskenderun's Mystic Bla  Conj/Tloc      #.......     90%         4    #####..
 Mephitic Cloud           Conj/Pois/Air  #.......     92%         3    ####...
 Discord                  Hex            #.........   95%         8    #######
 Call Imp                 Summ           #.......     97%         2    ###....
 Passwall                 Tmut/Erth      #.......     97%         2    ###....
 Searing Ray              Conj           #.....       97%         2    ###....
 Dispersal                Tloc           #.........   97%         6    #######
 Conjure Flame            Conj/Fire      #.......     99%         3    ####...
 Frozen Ramparts          Ice            #.....       99%         3    ####...
 Ignite Poison            Fire/Tmut/Pois #.......     99%         3    ####...
 Spider Form              Tmut/Pois      #.........   99%         3    ####...
 Stone Arrow              Conj/Erth      #.....       99%         3    ####...
 Vampiric Draining        Necr           #.........   99%         3    ####...
 Animate Dead             Necr           N/A          100%        4    #####..
 Hailstorm                Conj/Ice       #.......     100%        4    #####..
 Ice Form                 Ice/Tmut       #.......     100%        4    #####..
 Olgreb's Toxic Radiance  Pois           #.......     100%        4    #####..
 Petrify                  Tmut/Erth      #.......     100%        4    #####..
 Sticky Flame             Conj/Fire      #.......     100%        4    #####..
 Summon Ice Beast         Ice/Summ       #.......     100%        4    #####..
 Agony                    Necr           #.......     100%        5    ######.
 Alistair's Intoxication  Tmut/Pois      #.......     100%        5    ######.
 Bolt of Magma            Conj/Fire/Erth #.........   100%        5    ######.
 Fireball                 Conj/Fire      #.........   100%        5    ######.
 Irradiate                Conj/Tmut      #.........   100%        5    ######.
 Lee's Rapid Deconstruct  Erth           #.........   100%        5    ######.
 Lightning Bolt           Conj/Air       #.........   100%        5    ######.
 Eringya's Noxious Bog    Tmut/Pois      #.........   100%        6    #######
 Freezing Cloud           Conj/Ice/Air   #.........   100%        6    #######
 Hydra Form               Tmut           #.........   100%        6    #######
 Iron Shot                Conj/Erth      #.........   100%        6    #######
 Ozocubu's Refrigeration  Ice            #.........   100%        6    #######
 Simulacrum               Ice/Necr       #.........   100%        6    #######
 Starburst                Conj/Fire      #.........   100%        6    #######
 Dragon Form              Tmut           #.........   100%        7    #######
 Malign Gateway           Summ/Tloc      #.........   100%        7    #######
 Monstrous Menagerie      Summ           #.........   100%        7    #######
 Ring of Flames           Chrm/Fire      #.........   100%        7    #######
 Summon Greater Demon     Summ           #.........   100%        7    #######
 Ignition                 Fire           #.........   100%        8    #######
 Summon Horrible Things   Summ           #.........   100%        8    #######
 Dragon's Call            Summ           #.........   100%        9    #######
 Shatter                  Erth           #.........   100%        9    #######
 Sublimation of Blood     Necr           Unusable     N/A         2    N/A
 Statue Form              Tmut/Erth      Unusable     N/A         6    N/A

Dungeon Overview and Level Annotations

Branches:
Dungeon (15/15)            Temple (1/1) D:7            Lair (6/6) D:11
  Swamp (4/4) Lair:3       Spider (4/4) Lair:3        Slime (0/5) Lair:5
    Orc (2/2) D:12            Elf (3/3) Orc:2        Vaults (5/5) D:13
  Crypt (0/3) Vaults:2     Depths (5/5) D:15            Zot (5/5) Depths:5
Ossuary (visited)           IceCv (visited)         Desolation (visited)
Gauntlet (visited)

Altars:
Ashenzari
Cheibriados
Dithmenos
Elyvilon
Fedhas
Gozag
Hepliaklqana
Kikubaaqudgha
Makhleb
Nemelex Xobeh
Okawaru
Qazlal
Ru
Sif Muna
Trog
Uskayaw
Vehumet
Wu Jian
Xom
Yredelemnul
Zin
The Shining One
Beogh
Jiyva

Shops:
D:5 *[=(*   D:7 %*   Orc:2 *}:=   Elf:1 (   Depths:1 [   Depths:4 [(*
Depths:5 }}=

Portals:
Hell: Depths:1 Depths:2 Depths:3 Depths:4 Depths:5
Abyss: Depths:1 Depths:4
Pandemonium: Depths:3

Annotations:
Lair:1 exclusion: 2 oklob plants
Lair:6 exclusion: oklob plant
Vaults:2 6 runed translucent doors
Zot:5 1 exclusion
Zig:14 exclusion: 3 orange crystal statues


Innate Abilities, Weirdness & Mutations

You are resistant to torment.
Your stone body is resilient. (AC +20)
You are immune to poison.
Your large and strong wings let you fly indefinitely.
You resist negative energy. (rN+)
You are resistant to electric shocks. (rElec)
You can survive without breathing.
You are immune to petrification.
You are immune to rotting.
You have very sharp teeth.
You have sharp toenails.
You are partially covered in iridescent scales. (AC +2)
You are clumsy. (Dex -2)
Armour fits poorly on your strangely shaped body.
You have an increased reservoir of magic. (+10% MP)
Your muscles are strong. (Str +2)
You expend magic power (3 MP) to strengthen your wands.
[You often lose your temper in combat.]
[Scrolls take you much longer to read.]
[Your body often deteriorates upon taking damage.]
[You are very dopey. (Int -4)]
[You are extremely frail. (-30% HP)]
[You do not regenerate when monsters are visible.]
[You are very weak. (Str -4)]
[Potions are poor at restoring your health.]


Message History

The starcursed mass engulfs you but does no damage.
A blizzard demon comes into view.
You block the starcursed mass's attack.
The blizzard demon moves out of view.
Unknown command.
Unknown command.
Really read with blurry vision while enemies are nearby?
Okay, then.
Unknown command.
Unknown command.
Okay, then.
Unknown command.
Evoke which item? (* to show all) (? for menu, Esc to quit)
Aiming: Phantom Mirror
Press: ? - help, Dir - move target cursor, f - starcursed mass
Aim: a starcursed mass (summoned) Nothing appears to happen.
You block the unseen horror's attack.
A large abomination comes into view.
The starcursed mass engulfs you but does no damage.
A cacophony of accursed wailing tears at your sanity!
You die...

▓▓▓▓▓▓▓▓▓▓▓
..........▓
..........▓
..........▓
..........▓
.........X▓▓▓▓▓▓▓▓
.......h.X*xXXXX@▓
8.v.......zXXXXXx▓
..h........yX3XXX▓
..3.........3XXxX▓
.............X.X.▓
..x.............∩▓
............X....▓
.................▓
X................▓


You could see 17 starcursed masses, a wretched star (summoned), an ancient zyme,
a thrashing horror, 3 large abominations, 2 smoke demons, an unseen horror
(invisible), a hornet shaped shifter, a small abomination (summoned) and a
flying skull.

Vanquished Creatures
  6 ancient liches
  A pandemonium lord (Zig:4)
  An orb of fire (Zot:1)
  Mara (Elf:3)
  Saint Roka (Orc:1)
  3 caustic shrikes
  2 curse toes (Zot:2)
  The ghost of TuffENuff the End of an Era, a veteran FoFi of Qazlal (Vaults:2)
  6 golden dragons
  2 bone dragons (Depths:5)
  2 electric golems (Zot:1)
  An iron giant (Zig:13)
  3 liches
  12 tentacled monstrosities
  Jorgrun (Elf:1)
  6 Orb Guardians (Zot:5)
  2 deep elf blademasters (Elf:3)
  2 deep elf master archers (Elf:3)
  4 titans
  7 quicksilver dragons
  9 death cobs
  14 storm dragons
  12 tengu reavers
  8 sphinxes
  3 thorn hunters
  Gastronok (D:12)
  13 shadow dragons
  Kirke (Elf:1)
  8 draconian monks
  Donald (Elf:2)
  4 azure jellies (Zig:7)
  9 ghost moths
  2 nagarajas (Zig:9)
  12 frost giants
  9 fire giants
  A blood saint (Zig:9)
  9 deep elf sorcerers
  5 draconian knights
  4 draconian scorchers
  23 vault wardens
  A caustic shrike zombie (Zig:12)
  Louise (Swamp:1)
  The ghost of Ruat the Sorcerer, an adept DECj of Sif Muna (D:15)
  A balrug (Zig:2)
  A curse skull (Zig:5)
  3 orc warlords
  5 emperor scorpions
  An imperial myrmidon (Desolation)
  An iron dragon (Depths:4)
  An angel (Zig:4)
  9 draconian shifters
  A spriggan defender (Depths:4)
  2 deep elf elementalists (Elf:3)
  2 reapers
  2 war gargoyles
  7 draconian annihilators
  3 draconian stormcallers
  21 ironheart preservers
  30 stone giants
  4 vampire knights
  11 very ugly things
  The ghost of Delamore the Severer, a journeyman HOMo of Okawaru (Orc:2)
  7 entropy weavers
  14 deep elf demonologists
  6 green draconians
  A corrupter (Zig:4)
  10 yellow draconians
  14 deep elf annihilators
  6 black draconians
  17 white draconians
  11 spark wasps
  Azrael (Elf:1)
  9 red draconians
  A minotaur (Gauntlet)
  14 purple draconians
  8 deep elf death magi
  23 ettins
  Snorg (D:13)
  6 jiangshi
  2 crystal guardians
  13 fire dragons
  2 ragged hierophants (Desolation)
  7 deep elf high priests
  20 yaktaur captains
  8 great orbs of eyes
  2 servants of whispers (Desolation)
  7 ice dragons
  The ghost of MordorOrchid the Frost Mage, a journeyman OpIE of Sif Muna (D:12)
  2 peacekeepers (Desolation)
  6 rakshasas
  Harold (D:7)
  Fannar (Lair:1)
  44 vault guards
  A spriggan air mage (Depths:2)
  3 ghost crabs
  17 centaur warriors
  40 hydras
  2 shambling mangroves (Swamp:4)
  2 catoblepae
  13 ogre magi
  31 dancing weapons
  3 death knights
  42 two-headed ogres
  16 alligators
  5 vampire magi
  6 tengu warriors
  A titan zombie (Zig:12)
  8 deep troll earth magi
  8 deep troll shamans
  6 death yaks
  8 spriggan berserkers
  4 spriggans (Swamp:2)
  26 hell knights
  3 orc high priests
  A fire crab (Gauntlet)
  Nergalle (Orc:1)
  28 deep elf knights
  A wretched star (Gauntlet)
  3 shadow wraiths (Vaults:4)
  A skeletal warrior (Zig:12)
  An unseen horror (D:14)
  2 iron trolls (Zig:10)
  A titan skeleton (Depths:3)
  A golden dragon zombie (Zig:12)
  40 deep trolls
  22 ironbrand convokers
  7 wizards
  6 orange crystal statues
  4 flayed ghosts
  4 obsidian statues
  23 orc knights
  6 glowing orange brains
  8 swamp dragons
  23 deep elf archers
  14 harpies
  7 phantasmal warriors
  Pikel (D:6)
  A sphinx zombie (Depths:3)
  10 necromancers
  67 ugly things
  52 wolf spiders
  20 orb spiders
  6 orc sorcerers
  2 fire giant zombies (Zig:12)
  A cyclops (Vaults:2)
  82 deep elf magi
  9 manticores
  A shining eye (Zig:7)
  A guardian serpent (Desolation)
  15 elephants
  30 moths of wrath
  A fire giant skeleton (Zig:12)
  5 ice statues
  2 guardian serpents (shapeshifter)
  15 vault sentinels
  2 eyes of devastation (shapeshifter)
  3 torpor snails
  18 spiny frogs
  5 gargoyles
  4 rime drakes
  An elf (Vaults:1)
  3 komodo dragons
  9 demonic crawlers
  An elf skeleton (Zig:12)
  10 freezing wraiths
  47 yaktaurs
  5 tengu conjurers
  14 ice devils
  A polar bear (shapeshifter) (Vaults:4)
  A komodo dragon (shapeshifter) (Vaults:1)
  A guardian mummy (D:13)
  A yaktaur skeleton (Zig:2)
  A meliai (shapeshifter) (Depths:4)
  A tormentor (Zig:12)
  34 jumping spiders
  A queen bee (Lair:2)
  4 trolls
  3 polar bears
  A troll (shapeshifter) (Depths:4)
  9 tyrant leeches
  A queen bee (shapeshifter) (Elf:1)
  22 blink frogs
  A merfolk (D:12)
  11 saltlings (Desolation)
  Grinder (D:3)
  A jumping spider (shapeshifter) (Depths:1)
  A wind drake (shapeshifter) (Vaults:1)
  16 hornets
  A blink frog (shapeshifter) (Depths:4)
  22 hippogriffs
  A harpy skeleton (D:15)
  Prince Ribbit (Lair:2)
  4 dream sheep (Lair:5)
  44 slime creatures
  A frost giant simulacrum (Depths:3)
  A meliai zombie (D:13)
  12 bog bodies
  2 flying skulls (Zig:12)
  3 air elementals
  Sigmund (D:6)
  97 redbacks
  A vampire (D:15)
  4 shadows
  40 tarantellas
  A yak (shapeshifter) (Vaults:1)
  5 wraiths
  8 fire bats
  12 wyverns
  A human (shapeshifter) (Vaults:2)
  A fire bat (shapeshifter) (Vaults:3)
  8 water elementals
  37 yaks
  8 basilisks
  A golden eye (shapeshifter) (Vaults:2)
  A hog (Elf:1)
  5 neqoxecs
  A human (Vaults:1)
  10 fire elementals
  Grum (D:9)
  A hungry ghost (D:11)
  27 vampire mosquitoes
  23 swamp worms
  9 wargs
  Edmund (D:6)
  3 acid dragons
  22 insubstantial wisps
  A swamp worm (shapeshifter) (Vaults:5)
  16 water moccasins
  2 floating eyes (Depths:4)
  5 porcupines
  7 hell hounds
  13 swamp drakes
  5 ice beasts
  78 orc warriors
  3 slaves (D:6)
  A black bear (shapeshifter) (Vaults:3)
  A phantom (D:14)
  A meliai simulacrum (D:12)
  A hornet zombie (D:11)
  A black bear (D:4)
  A sky beast (D:8)
  An ogre (shapeshifter) (Vaults:3)
  8 boggarts
  15 centaurs
  26 wolves
  35 ogres
  3 small abominations
  14 crocodiles
  2 big kobolds
  Blork the orc (D:6)
  7 earth elementals
  3 wyvern zombies (D:13)
  14 bullfrogs
  A gnoll sergeant (D:11)
  5 scorpions
  A hornet simulacrum (D:12)
  24 killer bees
  8 wights
  6 howler monkeys
  6 electric eels
  7 crimson imps
  10 centaur zombies
  A bullfrog zombie (D:13)
  2 hounds
  4 quasits
  3 gnoll shamans
  4 jellies
  17 orc priests
  Ijyb (D:3)
  A bullfrog skeleton (D:11)
  6 centaur skeletons
  25 orc wizards
  7 iguanas
  8 worker ants
  A big kobold zombie (Ossuary)
  3 bullfrog simulacra (D:12)
  A centaur simulacrum (D:12)
  2 hound zombies (Ossuary)
  2 hound skeletons
  9 mummies
  A howler monkey zombie (D:8)
  2 howler monkey skeletons
  6 adders
  18 gnolls
  6 shadow imps
  9 white imps
  4 ufetubi (IceCv)
  5 adder zombies (Ossuary)
  3 adder skeletons
  5 worms
  3 dart slugs (D:1)
  5 leopard geckos
  77 orcs
  8 bats
  6 giant cockroaches
  7 goblins
  10 hobgoblins
  14 jackals
  A quokka (D:7)
  3 ball pythons
  2 goblin zombies (Ossuary)
  3 hobgoblin zombies (Ossuary)
  4 jackal zombies
  17 kobolds
  5 kobold zombies (Ossuary)
  2 orc zombies (Ossuary)
  5 quokka zombies (Ossuary)
  3 rats
  2 rat zombies (Ossuary)
  5 briar patches (Swamp:2)
  6 crawling corpses
  3 fungi
2691 creatures vanquished.

Vanquished Creatures (collateral kills)
  A shard shrike (Zig:12)
  A draconian monk (Zot:4)
  A draconian knight (Zot:4)
  A vault warden (Vaults:5)
  A black draconian (Zot:4)
  A yellow draconian (Zot:4)
  2 killer bees (Lair:2)
8 creatures vanquished.

Vanquished Creatures (others)
  A draconian knight (Zot:3)
  A draconian annihilator (Zot:5)
  A black draconian (Zot:1)
  A fire dragon (Depths:3)
  A shadow wraith (Vaults:2)
  A spiny frog (Swamp:4)
  A jumping spider (Spider:2)
  A blink frog (Swamp:2)
  A human (Elf:1)
  4 hogs (Elf:1)
  A swamp worm (Swamp:2)
  A swamp drake (Swamp:3)
  An ogre (Depths:2)
  A centaur (Vaults:3)
  2 killer bees (Lair:2)
  3 orc wizards
  An adder (D:3)
  3 white imps (IceCv)
  5 ufetubi (IceCv)
  An orc (Orc:2)
  A briar patch (Swamp:2)
  A crawling corpse (Elf:3)
  2 fungi (Lair:6)
  9 plants
45 creatures vanquished.

Grand Total: 2744 creatures vanquished

Notes
Turn   | Place    | Note
-------+----------+-------------------------------------------
     0 | D:1      | Froggeryz the Gargoyle Fighter began the quest for the Orb.
     0 | D:1      | Reached XP level 1. HP: 14/14 MP: 1/1
    91 | D:1      | Reached XP level 2. HP: 18/19 MP: 2/2
   735 | D:1      | Reached XP level 3. HP: 23/23 MP: 3/3
  1413 | D:2      | Reached XP level 4. HP: 23/28 MP: 4/4
  1506 | D:2      | Found a blossoming altar of Fedhas.
  1727 | D:3      | Found a shimmering blue altar of Sif Muna.
  1740 | D:3      | Noticed Ijyb
  1755 | D:3      | Killed Ijyb
  1755 | D:3      | Reached XP level 5. HP: 21/32 MP: 5/5
  1986 | D:3      | Noticed Grinder
  1997 | D:3      | Killed Grinder
  1997 | D:3      | Reached skill level 5 in Maces & Flails
  1997 | D:3      | Reached skill level 5 in Shields
  1997 | D:3      | Reached XP level 6. HP: 11/37 MP: 6/6
  2367 | D:3      | Found an ancient bone altar of Kikubaaqudgha.
  2749 | D:3      | You fall into a shaft and drop 2 floors!
  2749 | D:5      | Entered Level 5 of the Dungeon
  2749 | D:5      | Found a burning altar of Makhleb.
  2848 | D:5      | Reached XP level 7. HP: 26/41 MP: 7/7
  2993 | D:5      | Found a sand-covered staircase.
  3000 | Ossuary  | Entered an ossuary
  3294 | D:5      | Found Ripewkar's Armour Shoppe.
  3301 | D:5      | Bought a +1 kite shield of fire resistance for 181 gold
                  | pieces
  3320 | D:5      | Found Ycsekh's Assorted Antiques.
  3356 | D:4      | Reached XP level 8. HP: 35/46 MP: 8/8
  3820 | D:4      | Found a glowing golden altar of the Shining One.
  4322 | D:5      | Found Luqaef's Jewellery Boutique.
  4354 | D:5      | Found Daquaz's Weapon Shop.
  4390 | D:5      | Found Hixava's General Store.
  5171 | D:6      | Noticed Blork the orc
  5172 | D:6      | Reached XP level 9. HP: 49/51 MP: 9/9
  5259 | D:6      | Killed Blork the orc
  5335 | D:6      | Found a white marble altar of Elyvilon.
  5392 | D:6      | Noticed Sigmund
  5403 | D:6      | Noticed Pikel
  5594 | D:6      | Killed Sigmund
  5594 | D:6      | Reached skill level 10 in Maces & Flails
  5667 | D:6      | Killed Pikel
  5675 | D:6      | Noticed Edmund
  5693 | D:6      | Killed Edmund
  5753 | D:6      | Found a hide-covered altar of Uskayaw.
  5778 | D:6      | Found a shattered altar of Ashenzari.
  6147 | D:7      | Found a staircase to the Ecumenical Temple.
  6155 | Temple   | Entered the Ecumenical Temple
  6330 | Temple   | Became a worshipper of Warmaster Okawaru
  6375 | D:7      | Found Cewih's Food Shop.
  6491 | D:7      | Noticed Harold
  6529 | D:7      | Killed Harold
  6529 | D:7      | Reached * piety under Okawaru
  6529 | D:7      | Reached XP level 10. HP: 12/56 MP: 10/10
  6864 | D:7      | Found an ancient bone altar of Kikubaaqudgha.
  6877 | D:7      | Found Daqueng's Wicked Wares.
  6946 | D:7      | Found a shimmering altar of Xom.
  7315 | D:8      | Found a shadowy altar of Dithmenos.
  7469 | D:8      | Got a bloodstained whip
  7475 | D:8      | Identified the cursed +1 whip of Premature Burial
                  | {antimagic, Str+3 Int+4 SInv} (You found it on level 8 of
                  | the Dungeon)
  7594 | D:8      | Found a shimmering altar of Xom.
  7635 | D:8      | Reached ** piety under Okawaru
  8157 | D:8      | Gained mutation: [You tend to lose your temper in combat.]
                  | [potion of mutation]
  8157 | D:8      | Gained mutation: You are partially covered in iridescent
                  | scales. (AC +2) [potion of mutation]
  8157 | D:8      | Gained mutation: You have a pair of small horns on your
                  | head. [potion of mutation]
  8157 | D:8      | Gained mutation: You are agile. (Dex +2) [potion of
                  | mutation]
  8471 | D:9      | Noticed Grum
  8485 | D:9      | Killed Grum
  8489 | D:9      | Reached skill level 4 in Fighting
  8509 | D:9      | Lost mutation: You are agile. (Dex +2) [potion of mutation]
  8509 | D:9      | Lost mutation: You have a pair of small horns on your head.
                  | [potion of mutation]
  8509 | D:9      | Gained mutation: Your spells are a little harder to cast,
                  | but a little more powerful. [potion of mutation]
  8509 | D:9      | Gained mutation: You have an increased reservoir of magic.
                  | (+10% MP) [potion of mutation]
  8509 | D:9      | Gained mutation: You have very sharp teeth. [potion of
                  | mutation]
  8509 | D:9      | Gained mutation: You have sharp toenails. [potion of
                  | mutation]
  8868 | D:10     | Entered Level 10 of the Dungeon
  9118 | D:10     | Reached *** piety under Okawaru
  9159 | D:10     | Reached XP level 11. HP: 54/62 MP: 12/12
  9169 | D:10     | Reached skill level 5 in Fighting
  9177 | D:10     | Reached skill level 10 in Shields
  9517 | D:10     | Reached **** piety under Okawaru
  9662 | D:11     | Reached skill level 6 in Fighting
  9667 | D:11     | Noticed a death yak
  9668 | D:11     | Noticed a death yak
  9669 | D:11     | Noticed a death yak
  9690 | D:11     | Killed a death yak
  9695 | D:11     | Killed a death yak
  9695 | D:11     | Reached ***** piety under Okawaru
  9726 | D:11     | Killed a death yak
  9726 | D:11     | Reached skill level 7 in Fighting
  9816 | D:11     | Found a staircase to the Lair.
 10046 | D:11     | Found a frozen archway.
 10061 | D:11     | Received a gift from Okawaru
 10070 | IceCv    | Entered an ice cave
 11577 | IceCv    | Reached XP level 12. HP: 72/73 MP: 13/13
 11581 | IceCv    | Reached skill level 8 in Fighting
 12192 | IceCv    | Noticed a reaper
 12209 | IceCv    | Killed a reaper
 12401 | IceCv    | Got a smoking double sword
 12714 | IceCv    | Identified the +10 double sword of Cydol {vorpal, rElec
                  | Int+6} (You found it in an ice cave)
 13563 | Lair:1   | Entered Level 1 of the Lair of Beasts
 13623 | Lair:1   | Reached ****** piety under Okawaru
 13992 | Lair:1   | Noticed Fannar
 14011 | Lair:1   | Killed Fannar
 14011 | Lair:1   | Received a gift from Okawaru
 14018 | Lair:1   | Got a translucent ring mail {god gift}
 14019 | Lair:1   | Identified the +5 ring mail "Oggidwam" {rPois rF- MP+9
                  | Dex+5} (Okawaru gifted it to you on level 1 of the Lair of
                  | Beasts)
 14861 | Lair:2   | Noticed Prince Ribbit
 14882 | Lair:2   | Killed Prince Ribbit
 14942 | Lair:2   | Found a gate leading to a gauntlet.
 14957 | Gauntlet | Entered a Gauntlet
 14957 | Gauntlet | Found a transporter.
 14957 | Gauntlet | Found a transporter.
 14961 | Gauntlet | Found a transporter.
 14961 | Gauntlet | Found a transporter.
 14962 | Gauntlet | Found a transporter.
 14974 | Gauntlet | Found a transporter.
 14975 | Gauntlet | Noticed a wretched star
 15037 | Gauntlet | Found a transporter.
 15050 | Gauntlet | Found a transporter.
 15065 | Gauntlet | Found a transporter.
 15075 | Gauntlet | Found a transporter.
 15090 | Gauntlet | Found a transporter.
 15096 | Gauntlet | Found the ring of Shadows {Umbra +Inv Stlth+}
 15096 | Gauntlet | Found a transporter.
 15227 | Gauntlet | Reached skill level 15 in Shields
 15454 | Gauntlet | Killed a wretched star
 15454 | Gauntlet | Reached XP level 13. HP: 41/55 MP: 10/10
 15466 | Gauntlet | Got a slimy wooden ring
 15537 | Gauntlet | Identified the ring "Kinobb" {Str+3 Dex+2 SInv} (You found
                  | it in a Gauntlet)
 15544 | Gauntlet | Noticed a minotaur
 15563 | Gauntlet | Killed a minotaur
 16794 | Lair:3   | Received a gift from Okawaru
 16954 | Lair:3   | Reached skill level 9 in Fighting
 17123 | Lair:3   | Reached skill level 5 in Armour
 17475 | Lair:3   | Found a staircase to the Swamp.
 17767 | Lair:3   | Found a hole to the Spider Nest.
 17894 | Spider:1 | Entered Level 1 of the Spider Nest
 18300 | Lair:4   | Gained mutation: You are partially covered in large bone
                  | plates. (SH +4) [potion of mutation]
 18300 | Lair:4   | Gained mutation: You occasionally shout uncontrollably at
                  | your foes. [potion of mutation]
 18300 | Lair:4   | Gained mutation: Your large and strong wings let you fly
                  | indefinitely. [potion of mutation]
 18730 | Lair:5   | Reached skill level 10 in Fighting
 18732 | Lair:5   | Reached skill level 15 in Maces & Flails
 18835 | Lair:5   | Mutation became permanent: Your large and strong wings let
                  | you fly indefinitely. [Gargoyle growth]
 18835 | Lair:5   | Gained mutation: Your large and strong wings let you fly
                  | indefinitely. [Gargoyle growth]
 18835 | Lair:5   | Reached XP level 14. HP: 46/88 MP: 15/15
 19210 | Lair:5   | Received a gift from Okawaru
 19267 | Lair:5   | Got a transparent cloak {god gift}
 19268 | Lair:5   | Identified the +0 cloak "Sexitak" {Str+9 Int-3 Dex+4}
                  | (Okawaru gifted it to you on level 5 of the Lair of Beasts)
 19348 | Lair:5   | Found a viscous altar of Jiyva.
 19350 | Lair:5   | Found a staircase to the Slime Pits.
 19555 | Lair:5   | Reached skill level 11 in Fighting
 19786 | Lair:6   | Entered Level 6 of the Lair of Beasts
 20306 | Lair:6   | Received a gift from Okawaru
 20638 | Lair:6   | Reached skill level 10 in Armour
 21296 | D:12     | Noticed Gastronok
 21308 | D:12     | Killed Gastronok
 21308 | D:12     | Reached XP level 15. HP: 79/94 MP: 16/16
 21480 | D:12     | Found a runed translucent gate.
 21480 | D:12     | Found a runed translucent gate.
 21480 | D:12     | Found a runed translucent gate.
 21481 | D:12     | Noticed MordorOrchid's ghost (journeyman OpIE)
 21538 | D:12     | Killed MordorOrchid's ghost
 21597 | D:12     | Got the ring "Vufyukau" {Fire}
 21606 | D:12     | Identified a scroll of acquirement
 21713 | D:12     | Identified the ring "Vufyukau" {Fire +Inv MR+ Str-3 Slay+2}
                  | (You found it on level 12 of the Dungeon)
 21851 | D:12     | Found a portal to a secret trove of treasure.
 21868 | D:12     | Found a staircase to the Orcish Mines.
 22394 | Orc:1    | Entered Level 1 of the Orcish Mines
 22605 | Orc:2    | Entered Level 2 of the Orcish Mines
 22778 | Orc:2    | Noticed Saint Roka
 22786 | Orc:2    | Found a roughly hewn altar of Beogh.
 22864 | Orc:2    | Received a gift from Okawaru
 23135 | Orc:2    | Found a transporter.
 23182 | Orc:2    | Noticed Delamore's ghost (journeyman HOMo)
 23189 | Orc:2    | Found a staircase to the Elven Halls.
 23191 | Orc:2    | Found a transporter.
 23954 | Orc:1    | Killed Saint Roka
 24401 | Orc:2    | Found Talomoph's Gadget Boutique.
 24401 | Orc:2    | Found Beqos's Book Emporium.
 24403 | Orc:2    | Found Veblabud's Jewellery Shoppe.
 24405 | Orc:2    | Found Hanuif's Assorted Antiques.
 24417 | Orc:2    | Bought a scroll of teleportation for 60 gold pieces
 24417 | Orc:2    | Bought a scroll labeled QORILU SECKIAN for 20 gold pieces
 24710 | Orc:1    | Noticed Nergalle
 24720 | Orc:1    | Killed Nergalle
 24764 | Orc:2    | Killed Delamore's ghost
 25409 | D:13     | Found a gate to the Vaults.
 25490 | D:13     | Received a gift from Okawaru
 25510 | D:13     | Got an ebony eveningstar {god gift}
 25511 | D:13     | Identified the +1 eveningstar of Darkness {vorpal, Int+6}
                  | (Okawaru gifted it to you on level 13 of the Dungeon)
 25615 | D:13     | Noticed Snorg
 25627 | D:13     | Killed Snorg
 25748 | D:13     | Reached skill level 1 in Invocations
 25817 | D:13     | Reached XP level 16. HP: 100/100 MP: 19/19
 26141 | D:14     | Lost mutation: You are partially covered in large bone
                  | plates. (SH +4) [potion of mutation]
 26141 | D:14     | Lost mutation: You occasionally shout uncontrollably at
                  | your foes. [potion of mutation]
 26141 | D:14     | Lost mutation: Your spells are a little harder to cast, but
                  | a little more powerful. [potion of mutation]
 26141 | D:14     | Lost mutation: [You tend to lose your temper in combat.]
                  | [potion of mutation]
 26141 | D:14     | Gained mutation: [You tend to lose your temper in combat.]
                  | [potion of mutation]
 26141 | D:14     | Lost mutation: [You tend to lose your temper in combat.]
                  | [potion of mutation]
 26141 | D:14     | Gained mutation: You expend magic power (3 MP) to
                  | strengthen your wands. [potion of mutation]
 26141 | D:14     | Gained mutation: Your muscles are strong. (Str +2) [potion
                  | of mutation]
 26148 | D:14     | Found an iron altar of Okawaru.
 26334 | D:14     | Reached skill level 5 in Invocations
 26762 | D:14     | You fall into a shaft and drop 1 floor!
 26762 | D:15     | Entered Level 15 of the Dungeon
 27363 | D:15     | Received a gift from Okawaru
 27407 | D:15     | Found a shadowy altar of Dithmenos.
 27684 | D:15     | Found a transporter.
 27684 | D:15     | Noticed Ruat's ghost (adept DECj)
 27721 | D:15     | Found a transporter.
 27741 | D:15     | Killed Ruat's ghost
 28030 | D:15     | Found a staircase to the Depths.
 28071 | D:15     | Reached skill level 10 in Invocations
 28609 | Spider:1 | Received a gift from Okawaru
 29306 | Spider:2 | Received a gift from Okawaru
 29391 | Spider:2 | Reached XP level 17. HP: 86/104 MP: 27/29
 29399 | Spider:2 | Received a gift from Okawaru
 29686 | Spider:2 | Reached skill level 1 in Spellcasting
 30149 | Spider:3 | Learned a level 2 spell: Blink
 30211 | Spider:3 | Reached skill level 1 in Translocations
 30302 | Spider:3 | Received a gift from Okawaru
 30307 | Spider:3 | Got a slimy scale mail {god gift}
 30308 | Spider:3 | Identified the +6 scale mail "Qavuugorgh" {*Drain rF+
                  | Dex+5} (Okawaru gifted it to you on level 3 of the Spider
                  | Nest)
 30311 | Spider:3 | Got the +1 pair of boots of Tithrueha {rElec rPois MR+++
                  | Int-3}
 30615 | Spider:3 | Reached skill level 5 in Spellcasting
 31320 | Spider:4 | Entered Level 4 of the Spider Nest
 31615 | Spider:4 | Reached skill level 5 in Translocations
 32352 | Spider:4 | Received a gift from Okawaru
 32677 | Spider:4 | Reached XP level 18. HP: 110/110 MP: 29/31
 32727 | Spider:4 | Got a gossamer rune of Zot
 33192 | Swamp:1  | Entered Level 1 of the Swamp
 33439 | Swamp:1  | Received a gift from Okawaru
 33473 | Swamp:1  | Noticed Louise
 33489 | Swamp:1  | Killed Louise
 34485 | Swamp:2  | Reached skill level 10 in Translocations
 35152 | Swamp:2  | Learned a level 2 spell: Swiftness
 35371 | Swamp:3  | Received a gift from Okawaru
 35853 | Swamp:3  | Reached skill level 1 in Charms
 35877 | Swamp:3  | Reached skill level 1 in Air Magic
 35897 | Swamp:4  | Entered Level 4 of the Swamp
 36699 | Swamp:4  | Received a gift from Okawaru
 37032 | Swamp:4  | Reached XP level 19. HP: 103/114 MP: 32/32
 37411 | Swamp:4  | Reached skill level 5 in Charms
 37595 | Swamp:4  | Got a decaying rune of Zot
 38005 | Orc:2    | Bought a book of Party Tricks for 550 gold pieces
 38005 | Orc:2    | Bought a book of Hexes for 550 gold pieces
 38011 | Orc:2    | Learned a level 5 spell: Silence
 38015 | Orc:2    | Learned a level 3 spell: Lesser Beckoning
 38097 | Vaults:1 | Entered Level 1 of the Vaults
 38178 | Vaults:1 | Reached skill level 5 in Air Magic
 38259 | Vaults:1 | Received a gift from Okawaru
 38660 | Vaults:1 | Received a gift from Okawaru
 39713 | Vaults:2 | Reached skill level 1 in Hexes
 40147 | D:12     | You paid a toll of +4 fire dragon scales to enter a
                  | treasure trove
 40148 | Trove    | Entered a treasure trove
 40239 | D:12     | Reached skill level 5 in Hexes
 40239 | D:12     | Reached XP level 20. HP: 120/120 MP: 33/33
 41011 | Vaults:2 | Reached XP level 21. HP: 124/124 MP: 34/34
 41318 | Vaults:2 | Received a gift from Okawaru
 41484 | Vaults:2 | Found a staircase to the Crypt.
 41777 | Vaults:2 | Found a large runed translucent door.
 41777 | Vaults:2 | Found a large runed translucent door.
 41778 | Vaults:2 | Found a large runed translucent door.
 41778 | Vaults:2 | Noticed TuffENuff's ghost (veteran FoFi)
 41779 | Vaults:2 | Found a large runed translucent door.
 41779 | Vaults:2 | Found a large runed translucent door.
 41779 | Vaults:2 | Found a large runed translucent door.
 41780 | Vaults:2 | Found a large runed translucent door.
 41782 | Vaults:2 | Found a large runed translucent door.
 42346 | Vaults:2 | Killed TuffENuff's ghost
 42766 | Vaults:3 | Reached skill level 10 in Hexes
 43766 | Vaults:3 | Received a gift from Okawaru
 43778 | Vaults:3 | Reached skill level 15 in Armour
 44013 | Vaults:3 | Reached XP level 22. HP: 74/130 MP: 35/35
 44680 | Vaults:3 | Received a gift from Okawaru
 45691 | Vaults:4 | Found a ruined gateway.
 45699 | Desolati | Entered the Desolation of Salt
 46089 | Desolati | Got a translucent bone ring
 46100 | Desolati | Identified the ring "Houzoga" {Ice rN+ Dex+2 Slay+2} (You
                  | found it in the Desolation of Salt)
 46479 | Desolati | Received a gift from Okawaru
 46488 | Desolati | Got a translucent morningstar {god gift}
 46526 | Desolati | Found the +3 Elemental Staff {rElec rF++ rC++ MR++ AC+5}
 46601 | Vaults:4 | Identified the +9 morningstar "Thing" {antimagic, rC- MR+
                  | Int+3} (Okawaru gifted it to you in the Desolation of Salt)
 47526 | Elf:1    | Entered Level 1 of the Elven Halls
 47599 | Elf:1    | Received a gift from Okawaru
 47657 | Elf:1    | Reached XP level 23. HP: 64/135 MP: 36/36
 48015 | Elf:1    | Noticed Azrael
 48015 | Elf:1    | Noticed Kirke
 48026 | Elf:1    | Killed Azrael
 48037 | Elf:1    | Killed Kirke
 48173 | Elf:1    | Found Xeotz's Antique Weapon Shoppe.
 48562 | Elf:1    | Noticed Jorgrun
 48572 | Elf:1    | Killed Jorgrun
 49292 | Elf:2    | Identified the +3 leather armour of the Louse {rPois rC-
                  | MR+ Dex+7}
 49314 | Elf:2    | Received a gift from Okawaru
 49345 | Elf:2    | Got a smoking plate armour {god gift}
 49346 | Elf:2    | Identified the +7 plate armour of Words of Power {+Inv MP+9
                  | Int-4 SInv} (Okawaru gifted it to you on level 2 of the
                  | Elven Halls)
 49547 | Elf:2    | Found a runed translucent gate.
 49548 | Elf:2    | Found a runed translucent gate.
 49548 | Elf:2    | Found a runed translucent gate.
 49729 | Elf:2    | Noticed Donald
 49736 | Elf:2    | Killed Donald
 50479 | Elf:3    | Entered Level 3 of the Elven Halls
 50594 | Elf:3    | Found a flickering gateway to a bazaar.
 50600 | Bazaar   | Entered a bazaar
 50600 | Bazaar   | Found Aloahim's General Store.
 50617 | Bazaar   | Found Xiuciwod's Assorted Antiques.
 50625 | Bazaar   | Bought a scroll of enchant weapon for 82 gold pieces
 50626 | Bazaar   | Found Qerr's Gadget Shoppe.
 50629 | Bazaar   | Found Pumiq's Armour Emporium.
 50641 | Bazaar   | Bought the +7 kite shield of Yredelemnul's Delight {rPois
                  | rF+ rC+} for 647 gold pieces
 50706 | Elf:3    | Noticed Mara
 50708 | Elf:3    | Noticed Froggeryz's illusion
 50729 | Elf:3    | Killed Mara
 50814 | Elf:3    | Identified the Handbook of Confrontation
 51167 | Elf:3    | Received a gift from Okawaru
 51188 | Elf:3    | Identified the +1 morningstar "Sarcophage" {pain, rElec rC+
                  | rN+ Int+3}
 51255 | Elf:3    | Reached XP level 24. HP: 58/140 MP: 36/36
 51674 | Elf:3    | Identified the Tome of Toxic Battle Magic
 51691 | Elf:3    | Identified Fixzu's Early Guide to Wizardry
 51693 | Elf:3    | Identified the Grimoire of Quantum Good Luck
 51712 | Elf:3    | Reached skill level 12 in Fighting
 51721 | Elf:3    | Identified the +6 mace of Mourning {venom, rElec Int+2}
 51925 | Elf:3    | Identified the Tome of the Oath
 52029 | Elf:3    | Identified the amulet of Osmeag {RegenMP rElec MR+ Str-5
                  | Dex+2 SInv}
 52756 | Depths:1 | Entered Level 1 of the Depths
 53003 | Vaults:4 | Reached skill level 13 in Fighting
 53003 | Vaults:4 | Reached skill level 1 in Throwing
 53292 | Vaults:4 | Received a gift from Okawaru
 53766 | Vaults:5 | Entered Level 5 of the Vaults
 53953 | Vaults:4 | Received a gift from Okawaru
 53967 | Vaults:4 | Reached skill level 14 in Fighting
 53970 | Vaults:4 | Reached skill level 5 in Throwing
 54166 | Vaults:5 | Noticed an ancient lich
 54629 | Vaults:4 | Killed an ancient lich
 54629 | Vaults:4 | Reached skill level 15 in Fighting
 55156 | Vaults:4 | Received a gift from Okawaru
 55162 | Vaults:4 | Got a masterwork plate armour {god gift}
 55163 | Vaults:4 | Identified the +1 plate armour of Inquiry {rC++ Regen+
                  | rCorr Int-2} (Okawaru gifted it to you on level 4 of the
                  | Vaults)
 55480 | Vaults:5 | Reached XP level 25. HP: 134/156 MP: 36/36
 55493 | Vaults:5 | Found the +3 hat of Pondering {ponderous, MR+ MP+10 Int+5}
 55502 | Vaults:5 | Reached skill level 16 in Fighting
 55884 | Vaults:5 | Identified the Grimoire of Dark Secrets and Beguiling
 55940 | Vaults:5 | Reached skill level 10 in Throwing
 55943 | Vaults:5 | Identified the +0 glaive of Gozag's Envy {vorpal, rF+ Str+5
                  | Dex+4}
 56003 | Vaults:5 | Reached skill level 17 in Fighting
 56263 | Vaults:5 | Received a gift from Okawaru
 56266 | Vaults:5 | Got a pair of encrusted boots {god gift}
 56267 | Vaults:5 | Identified the +0 pair of boots of Tafomauh {*Corrode Str-2
                  | Int+8 SInv} (Okawaru gifted it to you on level 5 of the
                  | Vaults)
 56670 | Vaults:5 | Identified the +9 spear "Teicw" {vorpal, *Slow MR+ Int+4}
 56729 | Vaults:5 | Reached skill level 18 in Fighting
 57237 | Vaults:5 | Got a silver rune of Zot
 58122 | Depths:1 | Found a gateway to Hell.
 58399 | Depths:1 | Found Axugh's Antique Armour Shop.
 58399 | Depths:1 | Found a one-way gate to the infinite horrors of the Abyss.
 58410 | Depths:1 | Identified the Compendium of Glacial Dark Arts
 58604 | Depths:2 | Reached XP level 26. HP: 170/170 MP: 36/36
 58624 | Depths:1 | Reached skill level 19 in Fighting
 58847 | Depths:1 | Received a gift from Okawaru
 59865 | Depths:2 | Received a gift from Okawaru
 59886 | Depths:1 | Reached skill level 20 in Fighting
 60069 | Depths:2 | Received a gift from Okawaru
 60756 | Depths:2 | Found a glowing golden altar of the Shining One.
 60794 | Depths:2 | Noticed an ancient lich
 60795 | Depths:2 | Found a gateway to a ziggurat.
 60795 | Depths:2 | Noticed an ancient lich
 60847 | Depths:2 | Killed an ancient lich
 61173 | Depths:2 | Killed an ancient lich
 61433 | Depths:3 | Found a one-way gate leading to the halls of Pandemonium.
 61499 | Depths:2 | Reached skill level 21 in Fighting
 61647 | Depths:2 | Received a gift from Okawaru
 62167 | Depths:3 | Reached XP level 27. HP: 183/183 MP: 36/36
 62453 | Depths:3 | Reached skill level 22 in Fighting
 62810 | Depths:4 | Reached skill level 15 in Hexes
 62896 | Depths:4 | Got a pitted bone ring
 62897 | Depths:4 | Identified the cursed ring of Letuow {rElec rN+ MP+9 Str-4
                  | SInv} (You found it on level 4 of the Depths)
 62909 | Depths:4 | Paralysed by a floating eye for 4 turns
 63090 | Depths:4 | Received a gift from Okawaru
 63115 | Depths:4 | Got a faintly glowing amber ring
 63116 | Depths:4 | Identified the ring "Xalleq" {Fire Dex+4} (You found it on
                  | level 4 of the Depths)
 63128 | Depths:4 | Noticed an ancient lich
 63133 | Depths:4 | Killed an ancient lich
 63255 | Depths:4 | Found Wiafoap's Assorted Antiques.
 63279 | Depths:4 | Paralysed by a floating eye for 4 turns
 63456 | Depths:4 | Identified the ring of Taptett {rPois rCorr Str+5}
 63588 | Depths:4 | Found Ebryfuis's Armour Shoppe.
 63592 | Depths:4 | Reached skill level 23 in Fighting
 63845 | Depths:4 | Found Enacvih's Weapon Boutique.
 64020 | Depths:5 | Entered Level 5 of the Depths
 64227 | Depths:5 | Found Ruymparu's Gadget Boutique.
 64228 | Depths:5 | Found Wewk's Jewellery Shoppe.
 64229 | Depths:5 | Found Muxzun's Gadget Boutique.
 64377 | Depths:5 | Found a gate to the Realm of Zot.
 64392 | Depths:5 | Received a gift from Okawaru
 64900 | Zot:1    | Entered Level 1 of the Realm of Zot
 64972 | Zot:1    | Noticed an orb of fire
 64976 | Zot:1    | Gained mutation: You are clumsy. (Dex -2) [an orb of fire]
 64989 | Zot:1    | Killed an orb of fire
 64989 | Zot:1    | Reached skill level 24 in Fighting
 66448 | Zot:2    | Received a gift from Okawaru
 67140 | Zot:2    | Reached skill level 25 in Fighting
 67223 | Zot:2    | Identified the +8 halberd of Uwyoc {freeze, rC+ Int+2
                  | Stlth+}
 67587 | Zot:2    | Received a gift from Okawaru
 68296 | Zot:3    | Received a gift from Okawaru
 68887 | Zot:4    | Received a gift from Okawaru
 68887 | Zot:4    | Reached skill level 26 in Fighting
 70204 | Zot:5    | Entered Level 5 of the Realm of Zot
 71304 | Zig:1    | Entered Level 1 of a ziggurat
 71333 | Zig:2    | Entered Level 2 of a ziggurat
 71358 | Zig:3    | Entered Level 3 of a ziggurat
 71391 | Zig:4    | Entered Level 4 of a ziggurat
 71394 | Zig:4    | Noticed Mouxkec the pandemonium lord
 71418 | Zig:4    | Killed Mouxkec the pandemonium lord
 71418 | Zig:4    | Reached skill level 27 in Fighting
 71428 | Zig:4    | Received a gift from Okawaru
 71535 | Zig:5    | Entered Level 5 of a ziggurat
 71542 | Zig:5    | Noticed an ancient lich
 71554 | Zig:5    | Killed an ancient lich
 71575 | Zig:5    | Identified the Grimoire of Companions
 71605 | Zig:6    | Entered Level 6 of a ziggurat
 71609 | Zig:6    | Noticed an ancient lich
 71621 | Zig:6    | Killed an ancient lich
 71734 | Zig:6    | Got a faintly glowing garnet amulet
 71752 | Zig:6    | Identified the amulet "Uwkulouv" {*Drain rPois Regen+ Str+4
                  | Dex+7} (You found it on level 6 of a ziggurat)
 71809 | Zig:7    | Entered Level 7 of a ziggurat
 71815 | Zig:7    | Gained mutation: Armour fits poorly on your strangely
                  | shaped body. [a shining eye]
 71816 | Zig:7    | Found the +8 demon trident "Rift" {distort, reach+}
 71868 | Zig:7    | Identified the Catalogue of Unstable Poisoning
 72266 | Zig:8    | Entered Level 8 of a ziggurat
 72328 | Zig:8    | Received a gift from Okawaru
 72361 | Zig:8    | Got a slimy zirconium amulet
 72363 | Zig:8    | Identified the amulet "Iguq" {Spirit rPois Str+5} (You
                  | found it on level 8 of a ziggurat)
 72523 | Zig:9    | Entered Level 9 of a ziggurat
 73187 | Zig:10   | Entered Level 10 of a ziggurat
 73281 | Zig:10   | Found the +8 longbow "Zephyr" {speed, Dex+3 SInv}
 73383 | Zig:11   | Entered Level 11 of a ziggurat
 73485 | Zig:11   | Found the +6 Majin-Bo {vamp, Archmagi MP+6 Int+6}
 73646 | Zig:11   | Identified the Papyrus of Glacial Stones
 73654 | Zig:12   | Entered Level 12 of a ziggurat
 73974 | Zig:13   | Entered Level 13 of a ziggurat
 74045 | Zig:14   | Entered Level 14 of a ziggurat
 74491 | Zig:14   | Lost intelligence.
 74498 | Zig:14   | Killed from afar by a starcursed mass

Illustrated notes

Levels and vault maps discovered:
D:1:      tarquinn_simple_flora_water_d, layout_basic
D:2:      layout_loops_ring, first_ration, fedhas_altar_4
D:3:      layout_basic, lemuel_doored_altar, old_standard_altar, uniq_ijyb,
          uniq_grinder
D:4:      black_bear_nest_1, layout_basic, lemuel_coloured_pillars_altar
D:5:      layout_loops_ring, serial_shops, shop_coins, shop, shop, shop, shop,
          lightli_ossuary_entry_decrepit_ruins, bloody_makhleb
D:6:      layout_cave_pools, elyvilon_altar_3, kennysheep_mini_moat,
          cheibrodos_ashenzari_chains, uniq_blork_the_orc, uniq_edmund,
          uniq_sigmund, uniq_pikel
D:7:      layout_cave_pods, temple_green, basic_altar, serial_shops,
          shop_statue, nicolae_evil_shop, uniq_harold
D:8:      wad_lake_hut, layout_basic, lemuel_round_altar, basic_altar
D:9:      layout_irregular_city, uniq_grum
D:10:     layout_long_grid
D:11:     layout_cave_pods, dpeg_lair_monsters, portal_ice_cave_demonic_guard
D:12:     layout_long_grid, orc_0_dummy, gammafunk_ghost_icy, enter_trove_0,
          hangedman_fish_farm, uniq_gastronok
D:13:     layout_roguey, skrybe_vaults_entry_preservation, serial_undead,
          serial_undead_f, serial_undead_a, serial_undead_a, serial_undead_b,
          uniq_snorg
D:14:     layout_gridville, okawaru_ov_weapons_minmay, kb_rosetta
D:15:     grunt_enter_depths_snipers, layout_cave_pods,
          grunt_dithmenos_smoke_and_mirrors, gammafunk_ghost_smash,
          glass_columns_c
Temple:   regret_index_temple_generic_petals
Lair:1:   layout_cave_pods, lemuel_fruit_fields, grunt_megastairs_1,
          minmay_lair_oklob_chamber, uniq_fannar
Lair:2:   layout_roguey, special_room [special_room_bee],
          gauntlet_entry_generic, lemuel_another_geyser, uniq_prince_ribbit2
Lair:3:   layout_cave_pods, palyth_hydra_swamp_entry, dummy_spider_entry,
          infiniplex_staircase_pool
Lair:4:   layout_loops_ring
Lair:5:   layout_long_grid, slime_altar_1, special_room
          [special_room_mythical_zoo]
Lair:6:   grunt_lair_end_beastmaster, layout_long_grid, lemuel_fruit_fields
Swamp:1:  layout_basic_swamp, hangedman_swamp_lotus, uniq_louise
Swamp:2:  layout_basic_swamp, serial_swamp_ruin, evilmike_swamp_ruin_rubble_1,
          evilmike_swamp_ruin_house_6, evilmike_swamp_ruin_house_3
Swamp:3:  layout_falls_marsh, evilmike_swamp_ruin_house_5
Swamp:4:  swamp_basic_johnstein, layout_basic_swamp
Spider:1: nicolae_spider_mines_1
Spider:2: layout_spider_delve
Spider:3: layout_spider_delve
Spider:4: grunt_spider_rune_parallel, special_room, drop_trap
Orc:1:    layout_caves, uniq_nergalle
Orc:2:    st_orc_rangers, layout_caves, basic_altar, gammafunk_ghost_stat_death,
          uniq_saint_roka
Elf:1:    minmay_elf_arrival_circle, layout_gridlike, serial_shops,
          nicolae_shop_crystal, special_room [special_room_mythical_zoo],
          minivault_28, uniq_azrael, uniq_kirke, uniq_jorgrun
Elf:2:    layout_gridlike, minmay_checkered_concentric_circles, uniq_donald
Elf:3:    grunt_elf_hall_spiral, layout_loops_corners, serial_shops,
          bzr_entry_water, uniq_mara
Vaults:1: vaults_dpeg_hooks, ontoclasm_vaults_loading_screen,
          nicolae_vaults_circle_grid_b, nicolae_vaults_holding_cells,
          ontoclasm_vaults_gateway, grunt_vaults_diagonal,
          nicolae_vaults_what_the_h, vaults_room_ringed_pool, v_misc_3,
          vaults_room_grunt_arrival_ludios, layout_vaults_chaotic_city
Vaults:2: advil_vaults_ghost_lines, nicolae_vaults_network_quinsquares
          [nicolae_vaults_network_quincunx_subvault,
          nicolae_vaults_network_quincunx_subvault,
          nicolae_vaults_network_quincunx_subvault,
          nicolae_vaults_network_quincunx_subvault], hangedman_vaults_unwind,
          v_misc_22, v_misc_8, special_room_vaults [special_room_orc],
          hangedman_vaults_nails, layout_vaults_quadrants, dummy_crypt_entry
Vaults:3: hangedman_vaults_corner_blocks, v_misc_27,
          vaults_mumra_minichess_inversion, nicolae_vaults_twisting_passages,
          grunt_vaults_twisty, vaults_mumra_lcd, v_misc_11, v_rooms_3,
          ontoclasm_vaults_pinch, ontoclasm_vaults_shuriken,
          vaults_room_door_ring, st_cells, nicolae_vaults_little_ls,
          grunt_vaults_hallway_long, layout_vaults_maze_bifur
Vaults:4: v_misc_5, nicolae_vaults_diagonal_hallway_9, st_more_cells,
          hangedman_vaults_corner, ontoclasm_vaults_spin,
          nicolae_vaults_specimen_jars, nicolae_vaults_mini_display_case,
          v_misc_15, v_misc_9, vaults_room_pools,
          nicolae_vaults_network_periphery, nicolae_vaults_shelves_hall,
          layout_vaults_omnibox, portal_desolation_entry_nicolae_slug
Vaults:5
Depths:1: layout_big_octagon, hell_entry, serial_shops, shop, abyss_entry,
          nicolae_wwwww, minivault_14, kennysheep_another_room, nrook_uturn,
          kennysheep_generic_room_3
Depths:2: grunt_crosshair, layout_cave_pools, enter_ziggurat_d, tso_metal_star,
          hell_entry, infiniplex_staircase_door_maze
Depths:3: evilmike_hourglass, layout_cave_shapes, rand_demon_pan_entry_8,
          hell_entry, minmay_misc_feat_room
Depths:4: hangedman_spin_cycle, hell_entry, abyss_entry, serial_shops
Depths:5: grunt_twist_and_shout, layout_long_grid, grunt_decor_arrowhead,
          hell_entry, minmay_shop_grove
Zot:1:    layout_cathedral_of_symmetry
Zot:2:    layout_gridlike
Zot:3:    layout_cellular_growth
Zot:4:    layout_cellular_growth
Zot:5:    layout_misc_corridors
Zig:14

Skill      XL: |  1  2  3  4  5  6  7  8  9 10 11 12 13 14 15 16 17 18 19 20 21 22 23 24 25 26 27 |
---------------+----------------------------------------------------------------------------------+-----
Maces & Flails | 3 4 5 6 7 9 12 13 14 15 16 18 19 | 19.1
Shields        | 4 5 6 7 8 9 12 15 16 | 16.2
Fighting       | 4 7 8 10 11 15 18 21 27 | 27.0
Armour         | 6 10 12 15 18 21 | 21.2
Invocations    | 2 12 13 | 13.1
Spellcasting   | 6 7 |  7.0
Translocations | 7 11 | 11.3
Charms         | 4 8 |  8.0
Air Magic      | 3 7 |  7.3
Hexes          | 5 7 11 12 14 20 | 20.6
Throwing       | 8 10 | 10.0

Action                   |  1- 3 |  4- 6 |  7- 9 | 10-12 | 13-15 | 16-18 | 19-21 | 22-24 | 25-27 || total
-------------------------+-------+-------+-------+-------+-------+-------+-------+-------+-------++-------
Melee: Flail             |   140 |   162 |   435 |   843 |  1258 |       |       |       |       ||  2838
       Kick              |       |       |       |   193 |   559 |   281 |       |       |       ||  1033
       Headbutt          |       |       |       |     6 |       |       |       |       |       ||     6
       Bite              |       |       |       |    65 |   230 |   315 |   290 |   405 |   760 ||  2065
       Whip              |       |       |       |    17 |       |       |       |       |       ||    17
       Eveningstar       |       |       |       |       |    45 |  1683 |  1446 |  2156 |  3392 ||  8722
Throw: Throwing net      |       |       |     1 |       |       |       |       |       |       ||     1
       Javelin           |       |       |       |       |       |       |       |       |     2 ||     2
 Cast: Blink             |       |       |       |       |       |       |       |       |    12 ||    12
       Swiftness         |       |       |       |       |       |       |       |       |     1 ||     1
Invok: Heroism           |       |       |       |     2 |     2 |       |       |       |       ||     4
       Finesse           |       |       |       |       |       |       |       |       |     1 ||     1
 Abil: Fly               |       |       |       |       |       |     1 |       |     1 |     1 ||     3
       Stop Flying       |       |       |       |       |       |       |       |     2 |     1 ||     3
Evoke: Wand              |       |       |     3 |     3 |     7 |       |     2 |     3 |    12 ||    30
       Phantom mirror    |       |       |       |       |       |       |       |     2 |     1 ||     3
       Box of beasts     |       |       |       |       |       |       |       |       |     2 ||     2
  Use: Potion            |       |     1 |     1 |    17 |     3 |     1 |     4 |     3 |    14 ||    44
       Scroll            |       |       |       |    22 |    11 |     8 |     7 |    18 |    35 ||   101
 Stab: Paralysed         |       |       |     4 |       |       |       |       |       |       ||     4
       Held in net/web   |       |       |     1 |       |       |     1 |       |       |       ||     2
       Petrified         |       |       |       |       |     5 |       |       |       |       ||     5
       Distracted        |       |       |       |       |       |     1 |       |       |     1 ||     2
       Confused          |       |       |       |       |       |     2 |     2 |       |     2 ||     6
  Eat: Chunk             |     2 |     5 |    12 |    20 |    28 |    28 |    20 |    23 |    32 ||   170
       Ration            |       |       |       |     4 |     1 |     3 |     1 |     5 |    14 ||    28
Armor: Scale mail        |    57 |    64 |   156 |   318 |    59 |       |       |       |       ||   654
       Crystal plate arm |       |       |       |       |   539 |  1377 |   846 |  1227 |  2375 ||  6364
Dodge: Dodged            |    47 |    37 |   106 |   209 |   195 |   412 |   259 |   320 |   745 ||  2330
Block: Kite shield       |    72 |    86 |   207 |   539 |  1256 |  1601 |  1115 |  1742 |  4603 || 11221
       Reflection        |       |       |       |       |       |       |       |     6 |   146 ||   152
